 Dungeon Crawl Stone Soup version 0.20-a0-251-g16a58bf (webtiles) character file.

18120 Faca the Blocker (level 12, -14/108 HPs)
             Began as a Formicid Fighter on Nov 30, 2016.
             Was a High Priest of Trog.
             Killed from afar by a frost giant (20 damage)
             ... with a bolt of cold
             ... in an ice cave.
             The game lasted 00:41:49 (11604 turns).

Faca the Blocker (Formicid Fighter)                Turns: 11604, Time: 00:41:50

Health: -14/108    AC: 20    Str: 26    XL:     12   Next: 91%
Magic:  12/12      EV:  9    Int: 11    God:    Trog [*****.]
Gold:   682        SH: 14    Dex: 17    Spells: 11/11 levels left

rFire  . . .     SeeInvis +     q - +5 quarterstaff "Xom's Entertainment" {crush, -Tele rElec Int+2 Dex+3}
rCold  . . .     Gourm    .     v - +0 plate armour
rNeg   . . .     Faith    .     c - +0 shield
rPois  +         Spirit   .     (helmet unavailable)
rElec  +         Reflect  .     e - +0 cloak
rCorr  .         Harm     .     i - +2 pair of gloves {Str+3}
MR     +....                    (no boots)
Stlth  ..........               (no amulet)
                                (no ring)
                                j - ring of poison resistance

@: no status effects
A: permanent stasis, dig shafts and tunnels, four strong arms, antennae 3,
talons 1, sense surroundings 1, robust 1, strong 1
a: Dig, Shaft Self, Trog's Hand, Brothers in Arms, Burn Spellbooks, Renounce
Religion


You were in an ice cave.
You worshipped Trog.
Trog was extremely pleased with you.
You were not hungry.

You visited 2 branches of the dungeon, and saw 13 of its levels.
You also visited: Ice Cave.

You collected 682 gold pieces.

Inventory:

Hand Weapons
 m - the +5 falchion "Qasitwye" {freeze, rC+ Dex+2}
   (You found it on level 4 of the Dungeon)

   It has been specially enchanted to freeze those struck by it, causing extra
   injury to most foes and up to half again as much damage against particularly
   susceptible opponents.
   It can also slow down cold-blooded creatures.
   It affects your dexterity (+2).
   It protects you from cold.
 q - the +5 quarterstaff "Xom's Entertainment" (weapon) {crush, -Tele rElec Int+2 Dex+3}
   (You found it on level 6 of the Dungeon)

   It inflicts extra damage upon your enemies.
   It affects your intelligence (+2).
   It affects your dexterity (+3).
   It insulates you from electricity.
   It prevents most forms of teleportation.
Armour
 c - a +0 shield (worn)
 e - a +0 cloak (worn)
 i - a +2 pair of gloves of strength (worn)
 v - a +0 plate armour (worn)
Jewellery
 j - a ring of poison resistance (left hand)
Scrolls
 f - a scroll of fear
 g - 5 scrolls of identify
 p - 2 scrolls of enchant weapon
 r - a scroll of recharging
 s - a scroll of enchant armour
Potions
 b - 2 potions of resistance
 d - 3 potions of might
 k - 5 potions of curing
 l - 2 potions of agility
 o - 2 potions of flight
 t - a potion of lignification {unknown}
Comestibles
 x - 2 bread rations


   Skills:
 + Level 10.7 Fighting
 - Level 5.6 Long Blades
   Level 9.6 Axes
 - Level 0.8 Staves
 + Level 11.2 Armour
 - Level 2.3 Dodging
 + Level 12.3 Shields


You had 11 spell levels left.
You didn't know any spells.

Dungeon Overview and Level Annotations

Branches:
Dungeon (12/15)            Temple (1/1) D:4            Lair (0/6) D:10
    Orc (0/2) D:12

Altars:
Ashenzari
Cheibriados
Dithmenos
Elyvilon
Fedhas
Gozag
Hepliaklqana
Kikubaaqudgha
Makhleb
Nemelex Xobeh
Okawaru
Qazlal
Ru
Sif Muna
Trog
Uskayaw
Vehumet
Xom
Yredelemnul
Zin
The Shining One

Shops:
D:8 :   D:12 ?


Innate Abilities, Weirdness & Mutations

You cannot be hasted, slowed, berserked, paralysed or teleported.
You can dig through walls and to a lower floor.
Your four strong arms can wield two-handed weapons with a shield.
You have a pair of large antennae on your head. (SInv)
You have sharp toenails.
You passively map a small area around you.
You are robust. (+10% HP)
Your muscles are strong. (Str +2)


Message History

You hear an angry growl.
You block the frost giant's attack.
Your plate armour prevents you from hitting the frost giant.
The frost giant is moderately wounded.
The frost giant hits you with a battleaxe of freezing!!
* * * LOW HITPOINT WARNING * * *
The frost giant freezes you!
* * * LOW HITPOINT WARNING * * *
Your ogre goes berserk!
You feel quite a bit more hungry.
You hear an angry growl.
The frost giant points at you and mumbles some strange words.
The bolt of cold hits you!
* * * LOW HITPOINT WARNING * * *
The bolt of cold hits your ogre.
Your ogre dies!
Your ogre's corpse disappears in a puff of smoke!
The frost giant gestures at you while chanting.
The bolt of cold hits you!
You die...

* * ## * ### #.##
##.## * ≈ ####.YY#
#.#.## ≈ *#.#{.Y.#$)
##/#.## ≈
##{#{{h...#
####.#≈≈*##{#{.#
#..# ≈ #C##{## *
##..## ##.#####
#....## ##@#..## ,
##.....#* #..#...#,∩
, #...#..##
#...##.## ##..###..#
#.⌠###..#*,
#..#.###.####..###.#
,* #.##.# #..#
#####..# * #÷†..#
#..## ##...###
##.###*##..#≈
#...#..# ##.# ≈≈
##.#≈ #...#[##


You could see a frost giant.

Vanquished Creatures
  A death yak (IceCv)
  The ghost of fazisi the Destroyer, a novice DgFE (D:9)
  An unseen horror (D:11)
  A deep elf mage (D:12)
  2 ugly things (D:12)
  A spiny frog (shapeshifter) (D:10)
  An ice statue (IceCv)
  A gargoyle (D:12)
  2 trolls
  A two-headed ogre (D:9)
  11 polar bears (IceCv)
  4 hippogriffs
  Sigmund (D:6)
  A spriggan (D:7)
  2 vampires (D:12)
  16 yaks (IceCv)
  A steam dragon (D:5)
  3 hungry ghosts
  2 wargs
  3 soldier ants
  Duvessa (D:5)
  6 orc warriors
  6 ice beasts
  3 sky beasts
  2 black bears
  An eye of draining (D:10)
  A necrophage (D:8)
  6 ogres
  3 centaurs
  18 wolves (IceCv)
  A big kobold (D:12)
  A bullfrog (D:6)
  A gnoll sergeant (D:8)
  Dowan (D:5)
  A scorpion (D:4)
  A water moccasin skeleton (D:7)
  5 killer bees
  A centaur zombie (D:10)
  A bullfrog zombie (D:5)
  2 crimson imps
  8 hounds
  A quasit (D:6)
  2 centaur skeletons
  3 jellies
  7 orc priests
  Crazy Yiuf (D:2)
  2 bullfrog skeletons
  8 orc wizards
  5 iguanas
  11 worker ants
  2 howler monkey zombies
  18 gnolls
  3 howler monkey skeletons
  5 adders
  3 shadow imps
  2 oozes
  2 adder skeletons
  2 adder zombies
  2 worms
  A dart slug (D:1)
  3 leopard geckos
  37 orcs
  5 giant cockroaches
  6 goblins
  9 hobgoblins
  10 jackals
  4 quokkas
  4 ball pythons
  4 bats
  7 frilled lizards
  8 kobolds
  A quokka skeleton (D:8)
  6 rats
310 creatures vanquished.

Notes
Turn   | Place    | Note
-------+----------+-------------------------------------------
     0 | D:1      | Faca the Formicid Fighter began the quest for the Orb.
     0 | D:1      | Reached XP level 1. HP: 18/18 MP: 1/1
   106 | D:1      | Reached XP level 2. HP: 24/24 MP: 2/2
   845 | D:1      | Reached XP level 3. HP: 29/29 MP: 3/3
   859 | D:2      | Reached skill level 4 in Shields
   928 | D:2      | Found a runed door.
  1023 | D:2      | Found an opulent altar of Gozag.
  1027 | D:2      | Found a sacrificial altar of Ru.
  1034 | D:2      | Found a burning altar of Makhleb.
  1441 | D:2      | Noticed Crazy Yiuf
  1451 | D:2      | Killed Crazy Yiuf
  1451 | D:2      | Reached XP level 4. HP: 25/37 MP: 4/4
  1606 | D:3      | Found a burning altar of Makhleb.
  1606 | D:3      | Noticed a balrug
  2141 | D:3      | Reached XP level 5. HP: 38/42 MP: 5/5
  2396 | D:4      | Reached XP level 6. HP: 48/48 MP: 6/6
  2472 | D:4      | Reached skill level 5 in Shields
  2505 | D:4      | Got a crystal falchion
  2506 | D:4      | Identified the +5 falchion "Qasitwye" {freeze, rC+ Dex+2} (You found it on level 4 of the Dungeon)
  2535 | D:4      | Reached skill level 5 in Axes
  2535 | D:4      | Reached XP level 7. HP: 31/54 MP: 7/7
  2623 | D:4      | Found a staircase to the Ecumenical Temple.
  2635 | Temple   | Entered the Ecumenical Temple
  2753 | Temple   | Became a worshipper of Trog the Wrathful
  2932 | D:4      | Reached skill level 1 in Long Blades
  2932 | D:4      | Reached skill level 1 in Dodging
  3095 | D:5      | Entered Level 5 of the Dungeon
  3311 | D:5      | Noticed Duvessa
  3311 | D:5      | Noticed Dowan
  3317 | D:5      | Reached XP level 8. HP: 41/60 MP: 8/8
  3319 | D:5      | Killed Dowan
  3319 | D:5      | Reached skill level 5 in Armour
  3337 | D:5      | Killed Duvessa
  3360 | D:5      | Reached skill level 6 in Shields
  3874 | D:5      | Reached * piety under Trog
  4086 | D:6      | Noticed Sigmund
  4095 | D:6      | Killed Sigmund
  4095 | D:6      | Reached XP level 9. HP: 63/66 MP: 9/9
  4318 | D:6      | Found a blossoming altar of Fedhas.
  4320 | D:6      | Reached skill level 5 in Long Blades
  4345 | D:6      | Reached skill level 5 in Fighting
  4357 | D:6      | Got a bone quarterstaff
  4362 | D:6      | Identified the +5 quarterstaff "Xom's Entertainment" {crush, -Tele rElec Int+2 Dex+3} (You found it on level 6 of the Dungeon)
  4486 | D:6      | Reached skill level 7 in Shields
  4526 | D:6      | Reached ** piety under Trog
  4769 | D:7      | Gained mutation: Your muscles are strong. (Str +2) [potion of beneficial mutation]
  4795 | D:7      | Noticed a hippogriff
  4803 | D:7      | Killed a hippogriff
  5091 | D:7      | Found a hazy altar of Hepliaklqana.
  5148 | D:7      | Found a radiant altar of Vehumet.
  5266 | D:7      | Noticed a hippogriff
  5278 | D:7      | Killed a hippogriff
  5529 | D:7      | Reached XP level 10. HP: 76/76 MP: 10/10
  5532 | D:7      | Reached skill level 8 in Shields
  5689 | D:7      | Found a shattered altar of Ashenzari.
  5846 | D:8      | Found an opulent altar of Gozag.
  5901 | D:8      | Found an ancient bone altar of Kikubaaqudgha.
  6336 | D:8      | Reached *** piety under Trog
  6638 | D:8      | Found Ynlenin's Book Shoppe.
  6804 | D:9      | Found a snail-covered altar of Cheibriados.
  6927 | D:9      | Noticed fazisi's ghost (novice DgFE)
  6948 | D:9      | Killed fazisi's ghost
  6948 | D:9      | Reached skill level 9 in Shields
  7750 | D:10     | Entered Level 10 of the Dungeon
  7769 | D:10     | Reached XP level 11. HP: 58/84 MP: 11/11
  8040 | D:10     | Reached **** piety under Trog
  8095 | D:10     | Lost mutation: Your muscles are strong. (Str +2) [potion of cure mutation]
  8096 | D:10     | Gained mutation: You are robust. (+10% HP) [potion of mutation]
  8096 | D:10     | Gained mutation: You passively map a small area around you. [potion of mutation]
  8300 | D:10     | Reached skill level 10 in Shields
  8621 | D:10     | Found a staircase to the Lair.
  8675 | D:10     | Gained mutation: You are clumsy. (Dex -2) [mutagenic meat]
  8676 | D:10     | Gained mutation: Your muscles are strong. (Str +2) [mutagenic meat]
  8677 | D:10     | Lost mutation: You are clumsy. (Dex -2) [mutagenic meat]
  8678 | D:10     | Gained mutation: You have sharp toenails. [mutagenic meat]
  9225 | D:11     | Noticed an unseen horror
  9245 | D:11     | Killed an unseen horror
  9307 | D:11     | You fall through a shaft!
  9329 | D:12     | Noticed a green ugly thing
  9338 | D:12     | Killed a green ugly thing
  9370 | D:12     | HP: 2/95 [vampire/vampiric draining (17)]
  9561 | D:12     | Found Monysecw's Magic Scroll Shop.
  9561 | D:12     | Noticed a deep elf mage
  9569 | D:12     | Killed a deep elf mage
  9812 | D:12     | Found a frozen archway.
  9814 | D:12     | Reached ***** piety under Trog
  9818 | D:12     | Noticed a red ugly thing
  9839 | D:12     | Killed a red ugly thing
  9846 | D:12     | Reached skill level 10 in Armour
  9846 | D:12     | Reached XP level 12. HP: 56/104 MP: 12/12
  9853 | D:12     | Reached skill level 11 in Shields
  9863 | IceCv    | Entered an ice cave
 10504 | IceCv    | Reached skill level 10 in Fighting
 11367 | IceCv    | Noticed a death yak
 11391 | IceCv    | Killed a death yak
 11391 | IceCv    | Reached skill level 12 in Shields
 11590 | IceCv    | Noticed a frost giant
 11604 | IceCv    | Killed from afar by a frost giant

Vault maps used:
D:1:      dpeg_arrival_arbitrary_c
D:2:      minmay_overflow_temple_star_quad, uniq_crazy_yiuf_cottage
D:3:      makhleb_altar_promises_db
D:4:      first_bread
D:5:      uniq_duvessa
D:6:      overflow_temple_1_default, uniq_sigmund
D:7:      vehumet_altar_wand_db, nicolae_overflow_hidden_temple,
          lemuel_round_altar, the_bakery
D:8:      lemuel_round_altar, serial_shops, kennysheep_mini,
          nicolae_gozag_seed_capital
D:9:      cheibriados_altar_1
D:10:     erik_lair_orcish_takeover
D:12:     erik_orc_3, portal_ice_cave_entry_pillars_2, serial_shops,
          nicolae_shop_stone, nicolae_trove_entry_crystal
Temple:   oiseaux_autumnal_temple
IceCv:    ice_cave_caverns_01

Skill      XL: |  1  2  3  4  5  6  7  8  9 10 11 12 |
---------------+-------------------------------------+-----
Shields        | 4 5 6 7 9 10 12 | 12.3
Axes           | 3 4 5 6 7 9 |  9.6
Armour         | 4 6 7 8 10 11 | 11.2
Fighting       | 4 6 7 9 10 | 10.7
Long Blades    | 2 4 5 |  5.6
Dodging        | 1 2 |  2.3
Staves         | |  0.8

Action                   |  1- 3 |  4- 6 |  7- 9 | 10-12 || total
-------------------------+-------+-------+-------+-------++-------
Melee: War axe           |   121 |    93 |       |       ||   214
       Falchion          |       |    14 |   168 |       ||   182
       Quarterstaff      |       |       |    82 |   833 ||   915
       Kick              |       |       |       |   211 ||   211
Invok: Burn Spellbooks   |       |       |     2 |     1 ||     3
       Brothers in Arms  |       |       |       |     1 ||     1
 Abil: Dig               |       |       |       |     6 ||     6
  Use: Scroll            |     3 |     3 |     4 |     5 ||    15
       Potion            |     2 |     1 |     4 |     8 ||    15
  Eat: Bread ration      |     1 |     1 |     1 |     4 ||     7
       Royal jelly       |       |       |     1 |     1 ||     2
       Beef jerky        |       |       |       |     1 ||     1
       Chunk             |       |       |       |     4 ||     4
       Meat ration       |       |       |       |     2 ||     2
Armor: Scale mail        |    55 |    46 |    33 |       ||   134
       Steam dragon scal |       |       |    34 |       ||    34
       Chain mail        |       |       |    25 |    34 ||    59
       Plate armour      |       |       |       |   470 ||   470
Dodge: Dodged            |    50 |    26 |    95 |   335 ||   506
Block: Shield            |    71 |    62 |   153 |   731 ||  1017
       Rpst.: Falchion   |       |     4 |    26 |       ||    30
